 Dungeon Crawl Stone Soup version 0.22-a0-422-g9628fc87f1 (webtiles) character file.

100 Manul the Skirmisher (level 4, -3/50 HPs)
             Began as an Ogre Chaos Knight on May 18, 2018.
             Killed by divine providence
             ... invoked by a smoke demon
             ... summoned by Xom
              (11 damage)
             ... on level 3 of the Dungeon.
             The game lasted 00:02:18 (1573 turns).

Manul the Skirmisher (Ogre Chaos Knight)            Turns: 1573, Time: 00:02:19

Health: -3/50      AC:  6    Str: 17    XL:     4   Next: 74%
Magic:  4/4        EV: 10    Int: 13    God:    Xom [......]
Gold:   78         SH:  0    Dex: 10    Spells: 3/3 levels left

rFire    . . .     SeeInvis +   i - +2 whip (elec)
rCold    . . .     Gourm    .   (no shield)
rNeg     . . .     Faith    .   b - +2 robe
rPois    .         Spirit   .   k - +1 hat
rElec    .         Reflect  .   (no cloak)
rCorr    .         Harm     .   (gloves unavailable)
MR       .....     Clarity  +   (boots unavailable)
Stlth    +.........             g - amulet of inaccuracy (curse)
HPRegen  0.16/turn              e - ring of see invisible
MPRegen  0.09/turn              (no ring)

@: very slightly contaminated, invisible
A: large, unfitting armour, agile 1, clarity, tough skin 1
a: Renounce Religion


You were on level 3 of the Dungeon.
You worshipped Xom.
You were a very special plaything of Xom.
You were not hungry.

You visited 1 branch of the dungeon, and saw 3 of its levels.

You collected 78 gold pieces.

Inventory:

Hand Weapons
 a - a +0 mace of chaos
 i - a +2 whip of electrocution (weapon)
Armour
 b - a +2 robe (worn)
 k - a +1 hat (worn)
Jewellery
 e - a ring of see invisible (left hand)
 g - a cursed amulet of inaccuracy (around neck)
Scrolls
 l - a scroll of enchant weapon {unknown}
 n - a scroll of fog {unknown}
Potions
 m - a potion of cancellation
Comestibles
 c - 7 rations
 f - 5 chunks of flesh


   Skills:
 + Level 5.0 Fighting
 + Level 3.9 Maces & Flails
 + Level 2.8 Dodging


You had 3 spell levels left.
You didn't know any spells.
Your spell library was empty.

Dungeon Overview and Level Annotations

Branches:
Dungeon (3/15)

Altars:
Cheibriados
Fedhas
Okawaru
Qazlal


Innate Abilities, Weirdness & Mutations

You are too large for most types of armour.
You have tough skin. (AC +1)
You are agile. (Dex +2)
You possess an exceptional clarity of mind.


Message History

The smoke demon hits you.
You closely miss the smoke demon.
The smoke demon is moderately wounded.
The smoke demon barely misses you. The smoke demon hits you.
The smoke demon closely misses you. The smoke demon gestures at you.
The ball of steam hits you!
* * * LOW HITPOINT WARNING * * *
You are engulfed in a cloud of scalding steam.
* * * LOW HITPOINT WARNING * * *
Really walk into that cloud of steam?
Okay, then.
It was a potion of curing.
You feel better.
Really walk into that cloud of steam?
You are engulfed in a cloud of scalding steam.
* * * LOW HITPOINT WARNING * * *
There is an escape hatch in the ceiling here.
The smoke demon gestures at you. Xom smites you!
You die...

######'#.#.............#
#.#.###############
..#######.#.#
..........#.#
.#####.....# #.##### #.#
#.##########.#
#....53..@...#
#.############ ###


You could see a smoke demon and a white imp.

Vanquished Creatures
  2 adders
  3 gnolls (D:3)
  An ooze (D:1)
  3 worms (D:2)
  2 leopard geckos
  A ball python (D:2)
  3 bats
  A giant cockroach (D:1)
  7 goblins
  4 hobgoblins
  2 jackals (D:1)
  A quokka (D:2)
  A frilled lizard (D:2)
  3 kobolds
  A rat (D:2)
35 creatures vanquished.

Vanquished Creatures (collateral kills)
  A dart slug (D:1)
1 creature vanquished.

Grand Total: 36 creatures vanquished

Notes
Turn   | Place    | Note
-------+----------+-------------------------------------------
     0 | D:1      | Manul the Ogre Chaos Knight began the quest for the Orb.
     0 | D:1      | Reached XP level 1. HP: 24/24 MP: 1/1
   197 | D:1      | Reached XP level 2. HP: 32/32 MP: 2/2
   609 | D:1      | XOM: harmless Fire miscast
   644 | D:2      | Found a blossoming altar of Fedhas.
   645 | D:2      | Found a stormy altar of Qazlal.
   686 | D:2      | Reached XP level 3. HP: 40/40 MP: 3/3
   812 | D:2      | XOM: god gift: scorched plate armour {god gift}
  1028 | D:2      | Found an iron altar of Okawaru.
  1035 | D:2      | Found a snail-covered altar of Cheibriados.
  1165 | D:2      | XOM: noise
  1187 | D:2      | XOM: harmless Pois miscast
  1196 | D:2      | XOM: give mutation
  1196 | D:2      | Gained mutation: You have sharp toenails. [Xom's mischief]
  1202 | D:2      | Reached XP level 4. HP: 42/49 MP: 4/4
  1529 | D:3      | Reached skill level 5 in Fighting
  1560 | D:3      | XOM: summons 2 hostile demons
  1561 | D:3      | Noticed a smoke demon
  1563 | D:3      | Lost mutation: You have sharp toenails. [potion of mutation]
  1563 | D:3      | Gained mutation: You are agile. (Dex +2) [potion of mutation]
  1563 | D:3      | Gained mutation: You possess an exceptional clarity of mind. [potion of mutation]
  1573 | D:3      | Killed from afar by a smoke demon

Vault maps used:
D:1:      dpeg_arrival_radiant
D:2:      grunt_temple_overflow_forces_of_nature, grunt_temple_overflow_open
D:3:      first_ration, kennysheep_flooded_box, minmay_misc_feat_enclosed

Skill      XL: |  1  2  3  4 |
---------------+-------------+-----
Maces & Flails | 3 |  3.9
Fighting       | 5 |  5.0
Dodging        | |  2.8

Action                   |  1- 3 |  4- 6 || total
-------------------------+-------+-------++-------
Melee: Mace              |    87 |       ||    87
       Whip              |    35 |    36 ||    71
       Kick              |       |     7 ||     7
  Use: Scroll            |     4 |       ||     4
       Potion            |       |     3 ||     3
  Eat: Chunk             |     1 |     1 ||     2
Armor: Robe              |    66 |     8 ||    74
Dodge: Dodged            |    68 |    24 ||    92

Table legend:
 A = Spawn XP
 B = Non-spawn XP
 C = Spawn XP percentage of total XP
 D = Spawn monster count
 E = Non-spawn monster count
 F = Spawn count percentage of total count
 G = Total turns spent on level
                    A         B        C        D         E        F      G
               +---------+---------+-------+---------+---------+-------+---------
         Total |       0 |     144 |   0.0 |       0 |      36 |   0.0 |  1573
               +---------+---------+-------+---------+---------+-------+---------
           D:1 |       0 |      31 |   0.0 |       0 |      12 |   0.0 |   644
           D:2 |       0 |      56 |   0.0 |       0 |      19 |   0.0 |   831
           D:3 |       0 |      57 |   0.0 |       0 |       5 |   0.0 |    98
               +---------+---------+-------+---------+---------+-------+---------
